 Dungeon Crawl Stone Soup version 0.30-a0-728-gc68057be0a (webtiles) character file.

Game seed: 12904502455587746401

334 Khashishi the Trooper (level 6, -3/50 HPs)
             Began as a Mummy Monk on Jan 31, 2023.
             Slain by Duvessa
             ... wielding a +2 short sword of electrocution
              (4 damage)
             ... on level 4 of the Dungeon.
             The game lasted 00:12:16 (2464 turns).

Khashishi the Trooper (Mummy Monk)                  Turns: 2464, Time: 00:12:16

Health: -3/50      AC: 12    Str: 16    XL:     6   Next: 27%
Magic:  6/6        EV:  5    Int:  9    God:
Gold:   172        SH:  3    Dex: 15    Spells: 5/5 levels left

rFire   x . .      SeeInvis .    a - +0 hand axe
rCold   + . .      Faith    +    k - +0 buckler
rNeg    + + +      Spirit   .    c - +0 plate armour
rPois   ∞          Reflect  .    (no helmet)
rElec   .          Harm     .    j - +0 cloak
rCorr   .          Rampage  .    (no gloves)
Will    .....                    (no boots) Stlth
                                 e - amulet of magic regeneration
HPRegen 0.28/turn                (no ring)
MPRegen 0.50/turn                (no ring)

@: no status effects
A: cold resistance 1, negative energy resistance 3, torment resistance 2, heat
vulnerability 1, in touch with death 1, no potions, faith
a: no special abilities


You were on level 4 of the Dungeon.
You visited 1 branch of the dungeon, and saw 4 of its levels.

You collected 172 gold pieces.

Inventory:

Hand Weapons
 a - a +0 hand axe (weapon)
 g - a +1 dagger of freezing
Armour
 c - a +0 plate armour (worn)
 f - the +0 leather armour "Teumec" {Rampage}
   (You found it on level 3 of the Dungeon)

   Rampage:   It bestows one free step when moving towards enemies.
 j - a +0 cloak (worn)
 k - a +0 buckler (worn)
 n - a +2 robe of cold resistance
Jewellery
 e - an amulet of magic regeneration (around neck)
Wands
 b - a wand of flame (5)
Scrolls
 d - 2 scrolls of amnesia
 h - a scroll of teleportation
 i - a scroll of poison


   Skills:
 + Level 4.8 Fighting
 + Level 4.0 Axes
 + Level 2.5 Armour
 - Level 2.4 Dodging
 - Level 1.5 Stealth


You had 5 spell levels left.
You didn't know any spells.
Your spell library contained the following spells:

 Spells                   Type           Power      Damage    Failure   Level
 Cigotuvi's Dreadful Rot  Necr/Pois/Air  0%         N/A       100%        2
 Ignite Poison            Fire/Tmut/Pois 0%         N/A       100%        3
 Kindle Blastsparks       Fire/Tloc/Air  0%         2d10      100%        3
 Dispel Undead            Necr           0%         3d6       100%        4
 Freezing Cloud           Conj/Ice/Air   0%         6-21      100%        5
 Death Channel            Necr           0%         N/A       100%        6


Dungeon Overview and Level Annotations

Branches:
Dungeon (4/15)
 Temple: D:4-7

Altars:

Shops:
D:2 (

Annotations:
D:3 Grinder, Sigmund
D:4 Duvessa


Innate Abilities, Weirdness & Mutations

You are immune to poison.
Your flesh is cold resistant. (rC+)
You are immune to negative energy. (rN+++)
You are immune to unholy pain and torment.
You are vulnerable to heat. (rF-)
You are in touch with the powers of death.
You do not drink.
You have a special connection with the divine. (Faith)


Message History

Duvessa goes berserk!
Duvessa hits you with a +2 short sword of electrocution!
The iguana bites you.
Duvessa hits you with a +2 short sword of electrocution.
* * * LOW HITPOINT WARNING * * *
There is a stone staircase leading up here.
Duvessa attacks as you move away! Duvessa barely misses you.
The iguana attacks as you move away!
The iguana bites you but does no damage.
An iguana comes into view.
The iguana hisses angrily.
You hit Duvessa.
Duvessa is heavily wounded.
You hit the iguana. You block Duvessa's attack.
The iguana bites you but does no damage.
Duvessa hits you but does no damage.
You hit Duvessa but do no damage.
Duvessa is heavily wounded.
You barely miss the iguana.
Duvessa hits you with a +2 short sword of electrocution.
* * * LOW HITPOINT WARNING * * *
The iguana bites you.
* * * LOW HITPOINT WARNING * * *
Duvessa hits you but does no damage.
The iguana bites you but does no damage.
You hit Duvessa.
Duvessa is heavily wounded.
You hit the iguana but do no damage. Duvessa barely misses you.
The iguana barely misses you.
Duvessa hits you with a +2 short sword of electrocution.
* * * LOW HITPOINT WARNING * * *
You hit Duvessa.
Duvessa is heavily wounded.
You closely miss the iguana. Duvessa hits you but does no damage.
The iguana bites you but does no damage.
You hit Duvessa.
Duvessa is severely wounded.
You barely miss the iguana.
Duvessa hits you with a +2 short sword of electrocution.
You die...

##.... #..#### ###
...# #...... ..#
##.###.....# #.# ...
......# ...
##.#.##....# #.#
#..#<.....# #.# #
#.#.##.>..###.###.#.#
#.#.##.#.....le@....#
##...##...###.###l##.#
...##..###.##.# .#
##.##.>##.###.# .#
...).##..## #.# .#
####.##†## .#. .#
#.#.).# # # .#
#....... .. ###...#.#


You could see Duvessa (berserk) and 2 iguanas.

Vanquished Creatures
  Dowan (D:4)
  A jelly (D:4)
  An iguana (D:4)
  Jessica (D:3)
  Natasha (thrice) (D:3)
  4 adders
  3 worms
  3 dart slugs
  3 orcs (D:3)
  6 ball pythons
  6 bats
  11 endoplasms
  3 giant cockroaches
  4 goblins (D:1)
  2 hobgoblins
  6 jackals (D:3)
  2 quokkas
  2 frilled lizards
  5 kobolds
  8 rats
75 creatures vanquished.

Vanquished Creatures (collateral kills)
  A hobgoblin (D:4)
1 creature vanquished.

Vanquished Creatures (others)
  A goblin (D:3)
  A jackal (D:3)
2 creatures vanquished.

Grand Total: 78 creatures vanquished

Notes
Turn   | Place    | Note
-------+----------+-------------------------------------------
     0 | D:1      | Khashishi the Mummy Monk began the quest for the Orb.
     0 | D:1      | Reached XP level 1. HP: 18/18 MP: 1/1
    75 | D:1      | Found a faded altar of an unknown god.
   127 | D:1      | Reached XP level 2. HP: 22/24 MP: 2/2
   548 | D:1      | Gained mutation: You are in touch with the powers of death.
                  | [Mummy growth]
   548 | D:1      | Reached XP level 3. HP: 27/29 MP: 3/3
   884 | D:2      | Reached skill level 1 in Armour
  1018 | D:2      | Reached XP level 4. HP: 37/37 MP: 4/4
  1046 | D:2      | You fall into a shaft and drop 2 floors!
  1063 | D:3      | Noticed Natasha
  1105 | D:3      | Killed Natasha
  1257 | D:3      | Noticed Natasha
  1268 | D:3      | Killed Natasha
  1372 | D:3      | Reached XP level 5. HP: 42/42 MP: 5/5
  1530 | D:2      | Found Cok Ydue's Antique Weapon Shoppe.
  1872 | D:3      | Noticed Jessica
  1884 | D:3      | Killed Jessica
  1914 | D:3      | Noticed Sigmund
  1920 | D:3      | Noticed Grinder
  1956 | D:3      | Noticed Natasha
  1964 | D:3      | Killed Natasha
  2178 | D:3      | Identified the +0 leather armour "Teumec" {Rampage}
  2342 | D:4      | Noticed Dowan
  2342 | D:4      | Noticed Duvessa
  2354 | D:4      | Reached XP level 6. HP: 5/49 MP: 6/6
  2366 | D:4      | Killed Dowan
  2462 | D:4      | HP: 1/50 [Duvessa/+2 short sword of electrocution (6)]
  2464 | D:4      | Slain by Duvessa

Illustrated notes

Levels and vault maps discovered:
D:1:      wander_arrival_abandoned_jail, layout_loops_ring,
          shapermc_ecumenical_altar_venn, nicolae_wormholes
D:2:      layout_loops_ring, serial_shops, nicolae_shop_statue_plus
D:3:      layout_basic, fiery_altar_vehumet, uniq_natasha, uniq_grinder,
          uniq_jessica, uniq_sigmund
D:4:      layout_loops_ring, st_stairs_7, minmay_misc_feat_ornament,
          minmay_misc_feat_pillars, uniq_duvessa, uniq_robin

Skill      XL: |  1  2  3  4  5  6 |
---------------+-------------------+-----
Axes           | 3 4 |  4.0
Armour         | 1 2 |  2.5
Fighting       | 4 |  4.8
Dodging        | |  2.4
Stealth        | |  1.5

Action                     |  1- 3 |  4- 6 || total
---------------------------+-------+-------++-------
  Melee: Hand axe          |   128 |   166 ||   294
         Punch             |     1 |       ||     1
  Evoke: Wand              |       |     8 ||     8
    Use: Scroll            |       |     8 ||     8
 Armour: Plate armour      |    83 |   108 ||   191
  Dodge: Dodged            |    20 |    37 ||    57
  Block: Buckler           |       |    30 ||    30

Table legend: (Time is in decaauts)
 A = Elapsed time spent in this place.
 B = Non-inter-level travel time spent in this place.
 C = Inter-level travel time spent in this place.
 D = Time resting spent in this place.
 E = Time spent auto-exploring this place.
 F = Levels seen in this place.
 G = Mean time per level.
                   A        B        C        D        E       F      G
               +--------+--------+--------+--------+--------+-----+--------+
         Total |   2513 |   2354 |    159 |    264 |   1038 |   4 |  628.2 |
       Dungeon |   2513 |   2354 |    159 |    264 |   1038 |   4 |  628.2 |
               +--------+--------+--------+--------+--------+-----+--------+

Top non-repeatable levels by time:
     D:2: 791 daAuts
     D:1: 783 daAuts
     D:3: 774 daAuts
     D:4: 163 daAuts
